cohdb
Replays
Latest Replays
All Replays
Popular Replays
Top Player Replays
Match Explorer
How It Works
Community
CoH3 Stats
Reddit
Sign in to upload your games and track your stats! →
Sign in with Steam
Match 44629694
Unlisted
Match 44629694
Overview
Messages
Build Orders
End
Construct Barracks
Selects Advanced Infantry Battlegroup
Riflemen Squad
M1 Mortar Team
Riflemen Squad
Grenade Package
Construct Weapon Support Center
M1919 Machine Gun Team
Construct Medical Station
M1919 Machine Gun Team
Selects Artillery Observers
Air Support Center
M3 Armored Personnel Carrier
Engineer Squad
Grasshopper Recon Run
.30 cal Machine Gun
RCXJPng
Ty
Arces
☭USSR☭Unum Wino
VeRo MaQuina
King Raptor
SHELDONATOR
†TugaElite†
0
0
Comments
sign in to comment!
No comments posted yet!